 Dungeon Crawl Stone Soup version 0.21.0-24-g2553a33 (webtiles) character file.

200 Monsterracer the Covered (level 5, 0/49 HPs)
             Began as a Deep Dwarf Fighter on Jan 21, 2018.
             Was an Initiate of Makhleb.
             Slain by an ogre
             ... wielding a +0 giant spiked club
              (16 damage)
             ... on level 4 of the Dungeon.
             The game lasted 00:01:15 (1468 turns).

Monsterracer the Covered (Deep Dwarf Fighter)       Turns: 1468, Time: 00:01:15

Health: 0/49       AC: 13    Str: 20    XL:     5   Next: 49%
Magic:  5/5        EV:  8    Int:  9    God:    Makhleb [......]
Gold:   80         SH:  9    Dex: 12    Spells: 4/4 levels left

rFire    . . .     SeeInvis .   a - +0 war axe
rCold    . . .     Gourm    .   f - +0 shield
rNeg     . . .     Faith    .   b - +0 scale mail
rPois    .         Spirit   .   (no helmet)
rElec    .         Reflect  .   (no cloak)
rCorr    .         Harm     .   o - +0 pair of gloves
MR       .....                  (no boots)
Stlth    ..........             (no amulet)
HPRegen  0.00/turn              l - +5 ring of protection
MPRegen  0.09/turn              (no ring)

@: non-regenerating
A: damage resistance, heal wounds, sense surroundings 1, no regeneration
a: Heal Wounds, Renounce Religion


You were on level 4 of the Dungeon.
You worshipped Makhleb.
Makhleb was noncommittal.
You were very hungry.

You visited 1 branch of the dungeon, and saw 4 of its levels.

You collected 138 gold pieces.
You spent 58 gold pieces at shops.

Inventory:

Hand Weapons
 a - a +0 war axe (weapon)
 p - the +5 short sword "Killer Klown's Peril" {elec, rC+, unknown}
   (You found it on level 4 of the Dungeon)

   Occasionally, upon striking a foe, it will discharge some electrical energy
   and cause terrible harm.
   It protects you from cold.
Armour
 b - a +0 scale mail (worn)
 f - a +0 shield (worn)
 o - a +0 pair of gloves (worn)
Jewellery
 h - an uncursed ring of protection from fire {unknown}
 l - a +5 ring of protection (left hand)
Scrolls
 g - a scroll of blinking {unknown}
 k - 3 scrolls of teleportation {unknown}
 n - a scroll of identify {unknown}
Potions
 d - 2 potions of might
 e - 4 potions of curing {unknown}
 i - a potion of lignification {unknown}
 j - 2 potions of haste {unknown}
 m - a potion of flight {unknown}
Comestibles
 c - 5 rations


   Skills:
 + Level 3.4 Fighting
 * Level 4.0 Axes
 + Level 4.0 Armour
 + Level 2.0 Dodging
 + Level 4.0 Shields
 + Level 1.0 Invocations


You had 4 spell levels left.
You didn't know any spells.

Dungeon Overview and Level Annotations

Branches:
Dungeon (4/15)
 Temple: D:4-7

Altars:
Makhleb

Shops:
D:4 [


Innate Abilities, Weirdness & Mutations

You are resistant to damage.
You can heal yourself by infusing magical energy.
You passively map a small area around you.
You do not regenerate.


Message History

No target in view!
No target in view!
No target in view!
No target in view!
No target in view!
An adder comes into view.
The adder hisses angrily.
The adder moves out of view.
There is an entrance to Huries's Armour Shoppe here.
No target in view!
No target in view!
No target in view!
No target in view!
No target in view!
o - a +0 pair of gloves Thank you for shopping at Huries's Armour Shoppe!
You can access your shopping list by pressing '$'.
Wear which item? (? for menu, Esc to quit)
Keep equipping yourself? [Y]es or [N]o only, please.
Keep equipping yourself? [Y]es or [N]o only, please.
Keep equipping yourself? [Y]es or [N]o only, please.
Keep equipping yourself? [Y]es or [N]o only, please.
Keep equipping yourself? [Y]es or [N]o only, please.
Keep equipping yourself?
You start putting on your armour.
You continue putting on your +0 pair of gloves. x3
The adder bites you but does no damage.
You continue putting on your +0 pair of gloves.
The adder barely misses you. You block the adder's attack.
You finish putting on your +0 pair of gloves.
You slash the adder!
The adder is almost dead.
The adder bites you but does no damage.
You closely miss the adder.
The adder is almost dead.
The adder barely misses you. The adder bites you but does no damage.
You closely miss the adder.
The adder is almost dead.
You block the adder's attack. The adder barely misses you.
An adder is nearby!
You hit the adder.
You kill the adder!
Makhleb accepts your kill.
Your Invocations skill increases to level 1!
No target in view!
p - an ichor-stained short sword No target in view!
You see here a wand of enslavement (7).
k - 3 scrolls labeled NOIGRU QUYWI (gained 1)
You open the door.
Found a stone staircase leading down.
No target in view!
There is an open door here.
Found a stone staircase leading up.
Key pressed, stopping explore.
No target in view!
No target in view!
An ogre comes into view. It is wielding a giant spiked club.
The ogre shouts!
You see here a potion of might.
An orc comes into view.
The orc shouts!
The orc throws a tomahawk.
The tomahawk hits you but does no damage.
You see here a tomahawk.
You hit the ogre.
The ogre is lightly wounded.
You block the ogre's attack.
You hit the ogre but do no damage.
The ogre is lightly wounded.
You block the ogre's attack.
You slash the ogre!
The ogre is heavily wounded.
The ogre barely misses you.
There are monsters nearby!
There are monsters nearby!
There are monsters nearby!
There are monsters nearby!
You slash the ogre!
The ogre is almost dead.
The ogre barely misses you. The orc hits you but does no damage.
You hit the ogre but do no damage.
The ogre is almost dead.
You slash the orc!
You kill the orc!
Makhleb accepts your kill. The ogre barely misses you.
You hit the ogre.
The ogre is almost dead.
The ogre hits you with a giant spiked club!
You take 13 damage, and have 16/49 hp.
MASSIVE DAMAGE!!
You closely miss the ogre.
The ogre is almost dead.
The ogre hits you with a giant spiked club!!
You die...

, ,* , , * .. ,
#. .... ...
..#.... , , ...
......* ,, , .
#.##.#..#*, *
......#..#
..#.#..#..#
......(#..# ,
......O@..+
.......#.!+
.......#..#,
#.##...#..# , ,#
###..#..# ,
........## , ,
#+#* ####.....##
, ,
#.#######.#....##
,
#.##............#


You could see an ogre.

Vanquished Creatures
  2 orc wizards (D:3)
  4 gnolls (D:3)
  3 adders
  An ooze (D:3)
  A worm (D:3)
  A dart slug (D:3)
  A leopard gecko (D:3)
  15 orcs
  8 goblins
  2 hobgoblins
  6 jackals
  3 kobolds (D:2)
  5 bats
  A frilled lizard (D:3)
  4 rats
57 creatures vanquished.

Notes
Turn   | Place    | Note
-------+----------+-------------------------------------------
     0 | D:1      | Monsterracer the Deep Dwarf Fighter began the quest for the Orb.
     0 | D:1      | Reached XP level 1. HP: 20/20 MP: 1/1
   209 | D:2      | Reached XP level 2. HP: 27/27 MP: 2/2
   245 | D:2      | Found a faded altar of an unknown god.
   502 | D:3      | Reached XP level 3. HP: 21/34 MP: 3/3
   508 | D:3      | Reached skill level 1 in Dodging
   516 | D:3      | Reached XP level 4. HP: 25/42 MP: 4/4
   792 | D:3      | Found a burning altar of Makhleb.
   802 | D:3      | Became a worshipper of Makhleb the Destroyer
   937 | D:3      | Reached XP level 5. HP: 36/49 MP: 5/5
  1411 | D:4      | Found Huries's Armour Shoppe.
  1418 | D:4      | Bought a +0 pair of gloves for 58 gold pieces
  1426 | D:4      | Reached skill level 1 in Invocations
  1433 | D:4      | Got an ichor-stained short sword
  1459 | D:4      | Noticed an ogre
  1468 | D:4      | Slain by an ogre

Skill      XL: |  1  2  3  4  5 |
---------------+----------------+-----
Fighting       | 3 |  3.4
Axes           | 3 4 |  4.0
Dodging        | 1 2 |  2.0
Armour         | 4 |  4.0
Shields        | 4 |  4.0
Invocations    | 1 |  1.0

Action                   |  1- 3 |  4- 6 || total
-------------------------+-------+-------++-------
Melee: War axe           |    79 |   139 ||   218
 Abil: Heal Wounds       |       |     1 ||     1
  Eat: Chunk             |       |     1 ||     1
Armor: Scale mail        |    50 |    62 ||   112
Dodge: Dodged            |    33 |    52 ||    85
Block: Shield            |    41 |    67 ||   108

Vault maps used:
D:1:      grunt_arrival_lava_bath, doesnt_xom_only_xom
D:2:      chequers_ecumenical_altar_simple, grunt_ministairs_11
D:3:      first_ration, bloody_makhleb
D:4:      serial_shops, nicolae_shop_crystal, kennysheep_big_empty_room
